 Dungeon Crawl Stone Soup version 0.30-a0-1160-g6e42c06551 (webtiles) character file.

Game seed: 12114146572482821614

38383 Sobieck the Unseen (level 14, 0/96 HPs)
             Began as a Kobold Brigand on Apr 25, 2023.
             Was an Elder of Wu Jian.
             Slain by a skyshark (2 damage)
             ... on level 4 of the Lair of Beasts.
             The game lasted 00:48:17 (22049 turns).

Sobieck the Unseen (Kobold Brigand)                Turns: 22049, Time: 00:48:17

Health: 0/96       AC:  8    Str:  9    XL:     14   Next: 34%
Magic:  0/14       EV: 27    Int: 12    God:    Wu Jian [****..]
Gold:   786        SH:  4    Dex: 21    Spells: 13/13 levels left

rFire   . . .        a - +7 dagger (speed) {short}
rCold   . . .        Q - +0 buckler
rNeg    + . .        z - +0 steam dragon scales
rPois   .            (no helmet)
rElec   .            f - +0 cloak {Will+}
rCorr   .            g - +1 pair of gloves
SInv    .            (no boots)
Will    +++..        s - amulet of guardian spirit
Stlth   ++++++++     C - ring of positive energy
HPRegen 0.36/turn    W - ring of willpower
MPRegen 0.14/turn

%: guardian spirit
@: exhausted, hasted, very quick
A: small, no large weapons, nightstalker 3
a: Renounce Religion, Wall Jump, Serpent's Lash


You were on level 4 of the Lair of Beasts.
You worshipped Wu Jian.
Wu Jian was greatly pleased with you.
You visited 3 branches of the dungeon, and saw 18 of its levels.

You collected 995 gold pieces.
You spent 209 gold pieces at shops.


Innate Abilities, Weirdness & Mutations

You are small and have problems with some larger weapons.
You are completely attuned to the shadows.


   Skills:
 + Level 14.8 Fighting
 - Level 10.0 Short Blades
 - Level 2.1 Throwing
 + Level 15.3 Dodging
 + Level 18.7 Stealth


You had 13 spell levels left.
You didn't know any spells.
Your spell library contained the following spells:

 Spells                   Type           Power      Damage    Failure   Level
 Freeze                   Ice            0%         1d3       45%         1
 Static Discharge         Conj/Air       0%         2-2/arc   61%         2
 Frozen Ramparts          Ice            0%         1d1       83%         3
 Hailstorm                Conj/Ice       0%         3d3       83%         3
 Ozocubu's Armour         Ice            0%         N/A       83%         3
 Vhi's Electric Charge    Tloc/Air       0%         N/A       83%         3
 Volatile Blastmotes      Fire/Tloc      0%         2d10      83%         3
 Airstrike                Air            0%         2d(0-16)  99%         4
 Fulminant Prism          Conj/Hex       0%         3d5       99%         4
 Iskenderun's Mystic Bla  Conj/Tloc      0%         2d3       99%         4
 Summon Lightning Spire   Summ/Air       0%         N/A       99%         4
 Arcjolt                  Conj/Air       0%         1d10      100%        5
 Lee's Rapid Deconstruct  Erth           0%         3d4*      100%        5
 Plasma Beam              Fire/Air       0%         2x1d11    100%        6
 Ozocubu's Refrigeration  Ice            0%         4d7       100%        7

Inventory:

Hand Weapons
 a - a +7 dagger of speed (weapon) {short}
   (You took it off an orc wizard on level 4 of the Dungeon)
 b - a +1 rapier of venom {short}
   (You found it on level 5 of the Lair of Beasts)
 y - a +1 short sword of venom {short}
   (You took it off an orc on level 4 of the Dungeon)
Missiles
 d - 16 poisoned darts {throwing}
 e - 2 curare-tipped darts (quivered) {=fthrowing}
 i - 102 stones {throwing}
 K - 3 datura-tipped darts {throwing}
 L - 4 throwing nets {=f!fthrowing}
 N - 5 silver boomerangs {throwing}
 V - 6 atropa-tipped darts {throwing}
Armour
 c - a +2 cloak
 f - a +0 cloak of willpower (worn)
   (You found it on level 4 of the Lair of Beasts)
 g - a +1 pair of gloves (worn)
   (You found it on level 5 of the Dungeon)
 z - +0 steam dragon scales (worn)
   (You found it on level 9 of the Dungeon)
 E - a scarf of harm
   (You found it on level 10 of the Dungeon)
 Q - a +0 buckler (worn)
   (You took it off a gnoll sergeant on level 4 of the Dungeon)
 X - a +0 leather armour
   (You took it off an orc on level 5 of the Dungeon)
 Y - a +0 leather armour
   (You took it off an orc on level 5 of the Dungeon)
 Z - a +0 robe
   (You took it off a gnoll bouda on level 5 of the Dungeon)
Magical Staves
 T - a staff of earth {!astaff}
   (You found it on level 7 of the Dungeon)
Jewellery
 k - a ring of ice
   (You found it on level 1 of the Dungeon)
 s - an amulet of guardian spirit (around neck)
   (You found it on level 4 of the Dungeon)
 v - a +6 ring of intelligence
   (You found it on level 7 of the Dungeon)
 C - a ring of positive energy (left hand)
   (You found it on level 3 of the Dungeon)
 U - an amulet of magic regeneration {@e2}
   (You found it on level 5 of the Dungeon)
 W - a ring of willpower (right hand)
   (You found it on level 5 of the Lair of Beasts)
Wands
 l - a wand of digging (7)
   (You took it off Ijyb on level 5 of the Dungeon)
 w - a wand of paralysis (26)
   (You found it on level 3 of the Dungeon)
 A - a wand of flame (6)
   (You found it on level 11 of the Dungeon)
 O - a wand of iceblast (7)
   (You found it on level 2 of the Lair of Beasts)
 R - a wand of acid (4)
   (You found it on level 4 of the Dungeon)
Scrolls
 p - 2 scrolls of amnesia
 t - 4 scrolls of noise {!r}
 u - 5 scrolls of teleportation {@r4}
 D - 2 scrolls of poison {!r}
 F - 5 scrolls of identify {@r1}
 I - 2 scrolls of fear
 M - a scroll of vulnerability {!r!r}
 P - a scroll of butterflies
Potions
 h - 4 potions of brilliance
 m - 2 potions of resistance
 n - a potion of magic
 o - 11 potions of curing {@q1}
 q - a potion of ambrosia
 x - 4 potions of lignification {!q}
 B - 4 potions of attraction {!q}
 G - a potion of invisibility
 H - 6 potions of flight
 J - 3 potions of might
 S - 3 potions of mutation {!q}
Miscellaneous
 j - a phantom mirror
   (You found it on level 1 of the Lair of Beasts)

Dungeon Overview and Level Annotations

Branches:
Dungeon (12/15) Zot: 26065  Temple (1/1) D:6 Zot: 5760    Lair (5/5) D:11 Zot: 23181
  Swamp (0/4) Lair:3        Snake (0/4) Lair:2        Slime (0/5) Lair:5
    Orc (0/2) D:12

Altars:
Ashenzari
Cheibriados
Elyvilon
Gozag
Hepliaklqana
Kikubaaqudgha
Makhleb
Okawaru
Qazlal
Sif Muna
Trog
Vehumet
Wu Jian
Xom
Yredelemnul
Zin
The Shining One

Shops:
D:2 !

Annotations:
D:8 exclusion: 2 electric eels
Lair:3 exclusion: 5 oklob plants
Lair:4 2 transporters, Irudwodgh's ghost, journeyman DsCj

~P#.#.# ......#####
....^...#.### ####
#...##P....P## #P.#####
##......#....## ##..P..######
####'#..###...####......†...#
##......###...##.'....>....##
.#......##.....l.#.........###
.##.....##.....#@#...........#
.##..8...#.....##..........###
........#..8..###..........#
...............###.<.......#
.....8.......### #.........#
............## #.........##
..8..>..8..## ##.....#...#
#.........## ##...######
#....8...## ###...#


You could see a skyshark (berserk, very poisoned).


Message History

You block the skyshark's attack.
The skyshark tail-slaps you but does no damage.
Aiming: Wall Jump
Press: ? - help, Dir - move target You repeatedly attack the skyshark from above.
You hit the skyshark.
You closely miss the skyshark. x2; You hit the skyshark. x2
The skyshark bites you!
The skyshark tastes blood and grows stronger!
The skyshark closely misses you. The skyshark misses you.
The skyshark bites you.
The skyshark enters a blood-rage!
The skyshark completely misses you. x2
Unknown command.
Your +1 rapier of venom {short} begins to drip with poison!
b - a +1 rapier of venom (weapon)
{short} You hit the skyshark but do no damage.
The skyshark is poisoned.
You block the skyshark's attack. The skyshark misses you.
The skyshark tail-slaps you. The skyshark barely misses you.
The skyshark tail-slaps you but does no damage.
The skyshark closely misses you.
You hit the skyshark. The skyshark completely misses you. x2
The skyshark closely misses you.
You puncture the skyshark! You block the skyshark's attack.
The skyshark closely misses you.
The skyshark tail-slaps you but does no damage.
You hit the skyshark but do no damage. The skyshark barely misses you. x2
The skyshark misses you.
You hit the skyshark but do no damage. The skyshark misses you.
The skyshark tail-slaps you but does no damage.
The skyshark barely misses you.
You spin and attack the skyshark.
You barely miss the skyshark.
The skyshark closely misses you. x2; The skyshark tail-slaps you!
Unknown command.
You spin and attack the skyshark.
You barely miss the skyshark. The skyshark barely misses you.
The skyshark tail-slaps you but does no damage.
The skyshark tail-slaps you. The skyshark completely misses you. x3
Aiming: Wall Jump
Press: ? - help, Dir - move target You repeatedly attack the skyshark from above.
You puncture the skyshark!
The skyshark looks as sick as possible!
You hit the skyshark. x2; The skyshark looks as sick as possible!
The skyshark bites you but does no damage.
The skyshark completely misses you. x2; The skyshark bites you!
The skyshark closely misses you. The skyshark completely misses you.
The skyshark bites you! You block the skyshark's attack.
The skyshark tail-slaps you.
Unknown command.
Your +1 rapier of venom {short} stops dripping with poison.
Your hands tingle!
a - a +7 dagger of speed (weapon)
{short} You block the skyshark's attack.
The skyshark completely misses you. You block the skyshark's attack.
You spin and attack the skyshark repeatedly.
You hit the skyshark but do no damage. You barely miss the skyshark.
The skyshark completely misses you. The skyshark barely misses you.
You block the skyshark's attack.
You spin and attack the skyshark repeatedly.
You hit the skyshark but do no damage. You hit the skyshark. x2
You block the skyshark's attack.
The skyshark tail-slaps you but does no damage.
The skyshark tail-slaps you!
* * * LOW HITPOINT WARNING * * *
The skyshark bites you!
* * * LOW HITPOINT WARNING * * *
The skyshark closely misses you. x2
Aiming: Wall Jump
Press: ? - help, Dir - move target You repeatedly attack the skyshark from above.
You hit the skyshark. You completely miss the skyshark. You hit the skyshark.
You hit the skyshark but do no damage. x2; The skyshark closely misses you.
The skyshark misses you. The skyshark barely misses you.
The skyshark completely misses you. x2; The skyshark tail-slaps you!
* * * LOW HITPOINT WARNING * * *
The skyshark bites you!!
* * * LOW HITPOINT WARNING * * *
The skyshark misses you. You block the skyshark's attack.
Unknown command.
Your muscles tense, ready for explosive movement...
You spin and attack the skyshark repeatedly, with incredible momentum.
You hit the skyshark but do no damage. You hit the skyshark.
You spin and attack the skyshark repeatedly, with incredible momentum.
You hit the skyshark. x2; Your supernatural speed expires.
Unknown command.
The skyshark misses you. x2; The skyshark tail-slaps you!
* * * LOW HITPOINT WARNING * * *
Unknown command.
You can't see any enemies this would affect, really read the scroll of fear?
Okay, then.
Unknown command.
Okay, then.
You feel yourself speed up. The skyshark misses you.
The skyshark tail-slaps you but does no damage.
The skyshark tail-slaps you.
* * * LOW HITPOINT WARNING * * *
The skyshark attacks as you move away! The skyshark completely misses you.
The skyshark barely misses you. The skyshark completely misses you.
You see here a +0 whip {mace}.
The skyshark attacks as you move away! The skyshark misses you.
The skyshark tail-slaps you.
You die...

Skill      XL: |  1  2  3  4  5  6  7  8  9 10 11 12 13 14 |
---------------+-------------------------------------------+-----
Short Blades   | 3 4 5 7 8 10 | 10.0
Dodging        | 2 3 4 6 7 9 11 13 14 15 | 15.3
Fighting       | 3 4 5 6 7 9 11 12 14 | 14.8
Stealth        | 6 7 9 10 12 14 16 18 | 18.7
Throwing       | |  2.1

Action                     |  1- 3 |  4- 6 |  7- 9 | 10-12 | 13-15 || total
---------------------------+-------+-------+-------+-------+-------++-------
  Melee: Dagger            |    79 |    88 |   187 |   554 |   646 ||  1554
         Short sword       |       |       |   227 |   463 |    33 ||   723
         Punch             |       |       |     6 |    20 |     5 ||    31
         Rapier            |       |       |       |       |    87 ||    87
  Throw: Dart              |       |     1 |     7 |     7 |       ||    15
 Invoke: Serpent's Lash    |       |       |       |       |     3 ||     3
Ability: Lunge             |       |       |       |    56 |    42 ||    98
         Whirlwind         |       |       |       |    38 |   128 ||   166
         Wall Jump         |       |       |       |     7 |    18 ||    25
  Evoke: Wand              |       |       |       |     1 |     2 ||     3
    Use: Scroll            |       |     7 |     2 |    16 |     4 ||    29
         Potion            |       |       |     4 |     2 |     8 ||    14
   Stab: Sleeping          |    11 |    21 |    23 |    45 |    39 ||   139
         Distracted        |     1 |       |       |     9 |     6 ||    16
         Invisible         |       |       |       |       |     1 ||     1
 Armour: Robe              |    10 |     4 |    61 |    31 |       ||   106
         Steam dragon scal |       |       |       |    62 |    32 ||    94
  Dodge: Dodged            |    51 |    38 |   266 |   603 |   333 ||  1291
  Block: Buckler           |       |       |       |       |    47 ||    47

Levels and vault maps discovered:
D:1:      nicolae_arrival_somewhat_less_tricky_arrival, layout_basic,
          shapermc_ecumenical_altar_totnotflames
D:2:      layout_basic, serial_shops, nicolae_shop_real_fake_doors
D:3:      layout_basic, interstate_on_off, uniq_natasha, uniq_terence
D:4:      layout_loops_ring, kennysheep_big_empty_room
D:5:      layout_basic, mainiacjoe_overflow_alcove_4, kennysheep_vampire_church,
          uniq_ijyb
D:6:      layout_basic, minmay_temple_entry_proselytizer, serial_bayou_pond_c,
          uniq_menkaure, uniq_sigmund
D:7:      layout_basic
D:8:      layout_loops_ring, minmay_crystal_water, grunt_tough_drop
D:9:      layout_roguey, dk_vineyard_3, kennysheep_doodads, uniq_joseph
D:10:     layout_gridville, enter_bailey_4
D:11:     layout_loops_corners, erik_lair_orcish_takeover
D:12:     layout_roguey [special_room_orc], orc_0_dummy, due_unseen_surprise
Temple:   nicolae_temple_slightly_damp_pantheon
Lair:1:   layout_gridlike, minivault_11
Lair:2:   layout_hall_layers, dummy_snake_entry, grunt_megastairs_1, uniq_harold
Lair:3:   layout_cave_pods, nicolae_swamp_entry_splash_gauntlet, dpeg_oklob_1
Lair:4:   layout_roguey, gammafunk_ghost_arena, nicolae_volcano_entry_lava_flow,
          serial_bayou_shore_a, grunt_megastairs_3
Lair:5:   guppyfry_lair_end_dragon, layout_regular_city,
          hangedman_lair_in_review, minmay_slime_entry_jelly_boxes

Notes
Turn   | Place    | Note
-------+----------+-------------------------------------------
     0 | D:1      | Sobieck the Kobold Brigand began the quest for the Orb.
     0 | D:1      | Reached XP level 1. HP: 12/12 MP: 1/1
   147 | D:1      | Reached XP level 2. HP: 13/18 MP: 2/2
   230 | D:1      | Reached skill level 3 in Short Blades
   238 | D:1      | Found a faded altar of an unknown god.
   391 | D:1      | Reached XP level 3. HP: 22/22 MP: 3/3
   490 | D:1      | Reached skill level 2 in Dodging
   836 | D:2      | Noticed an ogre
   839 | D:2      | Killed an ogre
   840 | D:2      | Reached skill level 3 in Fighting
   840 | D:2      | Reached skill level 4 in Short Blades
   840 | D:2      | Reached skill level 6 in Stealth
   840 | D:2      | Reached XP level 4. HP: 28/28 MP: 4/4
   840 | D:2      | Reached XP level 5. HP: 32/32 MP: 5/5
   963 | D:2      | Reached skill level 3 in Dodging
  1462 | D:2      | Found Vuumiuj's Distillery.
  1465 | D:2      | Bought a potion of curing for 33 gold pieces
  1584 | D:2      | Identified the +3 whip "Exzuogef" {venom, rC- Str+6}
  1970 | D:3      | Reached XP level 6. HP: 38/38 MP: 6/6
  2264 | D:3      | Noticed Natasha
  2267 | D:3      | Killed Natasha
  2401 | D:3      | Noticed Terence
  2404 | D:3      | Killed Terence
  2405 | D:3      | Reached skill level 4 in Fighting
  2860 | D:3      | Noticed Natasha
  2865 | D:3      | Killed Natasha
  2950 | D:2      | Bought a potion of degeneration for 11 gold pieces
  2950 | D:2      | Bought a potion of flight for 33 gold pieces
  3166 | D:4      | Noticed an ogre
  3170 | D:4      | Killed an ogre
  3171 | D:4      | Reached skill level 5 in Short Blades
  3171 | D:4      | Reached skill level 4 in Dodging
  3171 | D:4      | Reached skill level 7 in Stealth
  3171 | D:4      | Reached XP level 7. HP: 43/43 MP: 7/7
  4297 | D:5      | Entered Level 5 of the Dungeon
  4546 | D:5      | Reached skill level 5 in Fighting
  4546 | D:5      | Reached XP level 8. HP: 46/49 MP: 8/8
  4629 | D:5      | Reached skill level 6 in Short Blades
  4629 | D:5      | Reached skill level 5 in Dodging
  4629 | D:5      | Reached skill level 8 in Stealth
  4639 | D:5      | HP: 12/49 [gnoll/+0 spear[a gnoll bouda] (1)]
  4653 | D:5      | HP: 12/49 [orc/+0 whip (4)]
  4668 | D:5      | HP: 12/49 [gnoll/+0 spear[a gnoll bouda] (3)]
  5022 | D:5      | Found an ancient bone altar of Kikubaaqudgha.
  5068 | D:5      | Noticed Ijyb
  5071 | D:5      | Killed Ijyb
  5553 | D:5      | Reached skill level 7 in Short Blades
  5553 | D:5      | Reached skill level 6 in Dodging
  5740 | D:5      | Reached skill level 9 in Stealth
  5769 | D:5      | Reached skill level 6 in Fighting
  5834 | D:5      | You fall into a shaft and drop 3 floors!
  5901 | D:8      | Reached XP level 9. HP: 40/55 MP: 6/9
  6123 | D:8      | Reached skill level 8 in Short Blades
  6123 | D:8      | Reached skill level 7 in Dodging
  6286 | D:8      | Noticed a two-headed ogre
  6351 | D:8      | Killed a two-headed ogre
  6352 | D:8      | Reached skill level 7 in Fighting
  6352 | D:8      | Reached skill level 10 in Stealth
  6551 | D:8      | Reached XP level 10. HP: 32/63 MP: 6/10
  6581 | D:8      | Reached skill level 9 in Short Blades
  6731 | D:7      | You add the spells Ozocubu's Armour and Ozocubu's
                  | Refrigeration to your library.
  6769 | D:7      | Reached skill level 8 in Dodging
  6892 | D:6      | Noticed Sigmund
  6973 | D:6      | Killed Sigmund
  6974 | D:6      | Reached skill level 11 in Stealth
  7163 | D:5      | Found a glowing silver altar of Zin.
  7572 | D:2      | Bought a potion of ambrosia for 88 gold pieces
  7572 | D:2      | Bought a potion of might for 44 gold pieces
  7756 | D:6      | Noticed a two-headed ogre
  7787 | D:6      | Killed a two-headed ogre
  7788 | D:6      | Reached skill level 8 in Fighting
  8001 | D:6      | Reached skill level 10 in Short Blades
  8073 | D:6      | Noticed Menkaure
  8084 | D:6      | Killed Menkaure
  8085 | D:6      | Reached skill level 9 in Dodging
  8307 | D:6      | Found a staircase to the Ecumenical Temple.
  8314 | Temple   | Entered the Ecumenical Temple
  8532 | Temple   | Became a worshipper of the Wu Jian Council
 10050 | D:8      | Reached skill level 12 in Stealth
 10532 | D:9      | You pick up a book of Blasting and begin reading...
 10532 | D:9      | You add the spells Volatile Blastmotes, Fulminant Prism,
                  | Iskenderun's Mystic Blast and Lee's Rapid Deconstruction to
                  | your library.
 10561 | D:9      | Reached skill level 9 in Fighting
 10563 | D:9      | Reached XP level 11. HP: 71/71 MP: 11/11
 10677 | D:9      | Paralysed by a gnoll bouda for 3 turns
 10783 | D:9      | Noticed Joseph
 10786 | D:9      | Killed Joseph
 10787 | D:9      | Reached skill level 10 in Dodging
 11308 | D:10     | Entered Level 10 of the Dungeon
 11337 | D:10     | Reached skill level 13 in Stealth
 11360 | D:10     | Noticed a cyclops
 11833 | D:10     | Reached skill level 10 in Fighting
 12081 | D:10     | Reached * piety under Wu Jian
 12867 | D:11     | Reached skill level 11 in Dodging
 13031 | D:11     | Reached skill level 14 in Stealth
 13379 | D:11     | Found a staircase to the Lair.
 13507 | D:11     | Reached skill level 11 in Fighting
 13794 | D:11     | Noticed a boulder beetle
 13797 | D:11     | Killed a boulder beetle
 13798 | D:11     | Reached XP level 12. HP: 80/80 MP: 12/12
 14278 | D:12     | You pick up a book of Frost and begin reading...
 14278 | D:12     | You add the spells Freeze, Frozen Ramparts and Hailstorm to
                  | your library.
 14320 | D:12     | Found a staircase to the Orcish Mines.
 14391 | D:12     | Reached skill level 15 in Stealth
 14573 | D:11     | Reached skill level 12 in Dodging
 14593 | Lair:1   | Entered Level 1 of the Lair of Beasts
 14647 | Lair:1   | Reached ** piety under Wu Jian
 14652 | Lair:1   | Reached skill level 12 in Fighting
 15705 | Lair:2   | Found a staircase to the Snake Pit.
 15772 | Lair:2   | Noticed Harold
 15774 | Lair:2   | Killed Harold
 15786 | Lair:2   | Identified the +0 mace "Embalmer" {holy, rElec rF- Str+3}
 16332 | Lair:2   | Reached skill level 16 in Stealth
 16440 | Lair:2   | Reached skill level 13 in Dodging
 16444 | Lair:2   | Reached XP level 13. HP: 87/87 MP: 13/13
 16839 | Lair:2   | Reached skill level 13 in Fighting
 17111 | Lair:2   | You pick up a book of Storms and begin reading...
 17111 | Lair:2   | You add the spells Static Discharge, Airstrike and Summon
                  | Lightning Spire to your library.
 17483 | Lair:3   | Reached *** piety under Wu Jian
 17484 | Lair:3   | Reached skill level 17 in Stealth
 18257 | Lair:3   | Reached skill level 14 in Dodging
 18808 | Lair:3   | Found a staircase to the Swamp.
 18816 | Lair:3   | HP: 8/89 [bog body/bolt of cold (39)]
 18825 | Lair:3   | HP: 5/89 [bog body (19)]
 19496 | Lair:4   | Reached skill level 14 in Fighting
 19522 | Lair:4   | You pick up a book of Lightning and begin reading...
 19522 | Lair:4   | You add the spells Vhi's Electric Charge, Arcjolt and
                  | Plasma Beam to your library.
 19547 | Lair:4   | Found a transporter.
 19547 | Lair:4   | Noticed Irudwodgh's ghost (journeyman DsCj)
 19568 | Lair:4   | Found a transporter.
 19740 | Lair:4   | Found a dark tunnel.
 20111 | Lair:4   | Reached **** piety under Wu Jian
 20446 | Lair:5   | Entered Level 5 of the Lair of Beasts
 20446 | Lair:5   | Noticed a five-headed hydra
 20456 | Lair:5   | Killed a five-headed hydra
 20457 | Lair:5   | Reached skill level 18 in Stealth
 20692 | Lair:5   | Reached XP level 14. HP: 71/96 MP: 9/14
 21006 | Lair:5   | Reached skill level 15 in Dodging
 21006 | Lair:5   | Found a staircase to the Slime Pits.
 21782 | Lair:4   | HP: 21/96 [skyshark (10)]
 21782 | Lair:4   | HP: 9/96 [skyshark (8)]
 22045 | Lair:4   | HP: 8/96 [skyshark (20)]
 22046 | Lair:4   | HP: 3/96 [skyshark (6)]
 22049 | Lair:4   | Slain by a skyshark

Vanquished Creatures
  Harold (Lair:2)
  A hydra (Lair:5)
  2 two-headed ogres
  A boulder beetle (D:11)
  2 skysharks
  3 bog bodies (Lair:3)
  A manticore (D:12)
  4 elephants (Lair:2)
  A black mamba (Lair:3)
  Joseph (D:9)
  A gargoyle (D:11)
  9 cane toads
  2 rime drakes
  A kobold demonologist (D:12)
  8 komodo dragons
  A troll (D:11)
  2 polar bears
  26 blink frogs
  8 dream sheep (Lair:5)
  Sigmund (D:6)
  4 shadows
  7 slime creatures
  2 wraiths
  2 wyverns
  4 basilisks
  53 yaks
  A steam dragon (D:9)
  3 swamp worms (Lair:3)
  2 wargs (D:11)
  Menkaure (D:6)
  13 water moccasins
  2 ice beasts (D:6)
  3 orc warriors
  3 ogres
  2 black bears
  11 centaurs
  A phantom (D:7)
  A kobold brigand (D:8)
  10 bullfrogs
  2 gnoll sergeants
  4 scorpions
  3 wights (D:8)
  3 killer bees (D:10)
  2 vampire bats (D:5)
  2 electric eels
  2 hounds
  An orc priest (D:6)
  15 jellies
  2 sleepcaps
  Ijyb (D:5)
  6 gnoll boudas
  Terence (D:3)
  16 orc wizards
  Natasha (twice) (D:3)
  5 hell rats
  11 adders
  31 gnolls
  2 shadow imps (D:8)
  A white imp (D:6)
  An ufetubus (D:5)
  A worm (D:2)
  6 dart slugs
  43 orcs
  A bat skeleton (D:5)
  3 bat zombies (D:5)
  9 endoplasms
  6 giant cockroaches
  5 goblins
  6 hobgoblins
  4 jackals
  2 quokkas
  9 ball pythons
  4 bats
  3 frilled lizards
  12 kobolds
  7 rats
435 creatures vanquished.

Vanquished Creatures (others)
  3 bushes (Lair:5)
  27 fungi
  62 plants
92 creatures vanquished.

Grand Total: 527 creatures vanquished

Table legend:
 A = Non-vault XP
 B = Vault XP
 C = Vault XP percentage of total XP
 D = Non-vault monster count
 E = Vault monster count
 F = Vault count percentage of total count
                 A         B        C        D         E       F
            +---------+---------+-------+---------+---------+-------
      Total |   47785 |    7048 |  12.9 |     376 |      59 |  13.6
            +---------+---------+-------+---------+---------+-------
        D:1 |      46 |       0 |   0.0 |      27 |       0 |   0.0
        D:2 |     200 |       0 |   0.0 |      20 |       0 |   0.0
        D:3 |     108 |      71 |  39.7 |      15 |       2 |  11.8
        D:4 |     524 |       0 |   0.0 |      33 |       0 |   0.0
        D:5 |     806 |     158 |  16.4 |      33 |       7 |  17.5
        D:6 |    1838 |     421 |  18.6 |      25 |       3 |  10.7
        D:7 |     440 |       0 |   0.0 |       8 |       0 |   0.0
        D:8 |    2481 |     133 |   5.1 |      37 |       2 |   5.1
        D:9 |    3080 |     455 |  12.9 |      20 |       1 |   4.8
       D:10 |    1429 |      12 |   0.8 |      14 |       5 |  26.3
       D:11 |    3914 |     638 |  14.0 |      16 |      10 |  38.5
       D:12 |    3125 |       0 |   0.0 |      15 |       0 |   0.0
     Lair:1 |    3443 |     819 |  19.2 |      16 |       4 |  20.0
     Lair:2 |    8065 |     865 |   9.7 |      27 |       1 |   3.6
     Lair:3 |    5629 |    2564 |  31.3 |      19 |       7 |  26.9
     Lair:4 |    3001 |     329 |   9.9 |      13 |       2 |  13.3
     Lair:5 |    9656 |     583 |   5.7 |      38 |      15 |  28.3
            +---------+---------+-------+---------+---------+-------

Skill      XL: |  1  2  3  4  5  6  7  8  9 10 11 12 13 14 |
---------------+-------------------------------------------+-----
Short Blades   | 3 4 5 7 8 10 | 10.0
Dodging        | 2 3 4 6 7 9 11 13 14 15 | 15.3
Fighting       | 3 4 5 6 7 9 11 12 14 | 14.8
Stealth        | 6 7 9 10 12 14 16 18 | 18.7
Throwing       | |  2.1

Action                     |  1- 3 |  4- 6 |  7- 9 | 10-12 | 13-15 || total
---------------------------+-------+-------+-------+-------+-------++-------
  Melee: Dagger            |    79 |    88 |   187 |   554 |   646 ||  1554
         Short sword       |       |       |   227 |   463 |    33 ||   723
         Punch             |       |       |     6 |    20 |     5 ||    31
         Rapier            |       |       |       |       |    87 ||    87
  Throw: Dart              |       |     1 |     7 |     7 |       ||    15
 Invoke: Serpent's Lash    |       |       |       |       |     3 ||     3
Ability: Lunge             |       |       |       |    56 |    42 ||    98
         Whirlwind         |       |       |       |    38 |   128 ||   166
         Wall Jump         |       |       |       |     7 |    18 ||    25
  Evoke: Wand              |       |       |       |     1 |     2 ||     3
    Use: Scroll            |       |     7 |     2 |    16 |     4 ||    29
         Potion            |       |       |     4 |     2 |     8 ||    14
   Stab: Sleeping          |    11 |    21 |    23 |    45 |    39 ||   139
         Distracted        |     1 |       |       |     9 |     6 ||    16
         Invisible         |       |       |       |       |     1 ||     1
 Armour: Robe              |    10 |     4 |    61 |    31 |       ||   106
         Steam dragon scal |       |       |       |    62 |    32 ||    94
  Dodge: Dodged            |    51 |    38 |   266 |   603 |   333 ||  1291
  Block: Buckler           |       |       |       |       |    47 ||    47

Illustrated notes

Table legend:
 A = Kills in this place as a percentage of kills in the entire game.
 B = Kills by you in this place as a percentage of kills by you in the entire game.
 C = Kills by friends in this place as a percentage of kills by friends in the entire game.
 D = Other kills in this place as a percentage of other kills in the entire game.
 E = Experience gained in this place as a percentage of experience gained in the entire game.
 F = Experience gained in this place divided by the number of levels of this place that you have seen.
                   A       B       C       D       E      F
               +-------+-------+-------+-------+-------+----------------------
         Total | 100.0 | 100.0 |   N/A |   N/A | 100.0 | 3046.3
       Dungeon |  67.4 |  67.4 |   N/A |   N/A |  36.3 | 1656.6
          Lair |  32.6 |  32.6 |   N/A |   N/A |  63.7 | 6990.8
               +-------+-------+-------+-------+-------+----------------------

Table legend: (Time is in decaauts)
 A = Elapsed time spent in this place.
 B = Non-inter-level travel time spent in this place.
 C = Inter-level travel time spent in this place.
 D = Time resting spent in this place.
 E = Time spent auto-exploring this place.
 F = Levels seen in this place.
 G = Mean time per level.
                   A        B        C        D        E       F      G
               +--------+--------+--------+--------+--------+-----+--------+
         Total |  21332 |  19945 |   1387 |   3155 |  12724 |  18 | 1185.1 |
       Dungeon |  14273 |  13275 |    998 |   1826 |   8540 |  12 | 1189.4 |
        Temple |    239 |    218 |     21 |      0 |    188 |   1 |  239.0 |
          Lair |   6818 |   6450 |    368 |   1329 |   3996 |   5 | 1363.6 |
               +--------+--------+--------+--------+--------+-----+--------+

Top non-repeatable levels by time:
  Lair:3: 1780 daAuts
     D:5: 1611 daAuts
     D:4: 1582 daAuts
  Lair:2: 1556 daAuts
     D:8: 1546 daAuts
    D:11: 1426 daAuts
     D:9: 1329 daAuts
  Lair:4: 1302 daAuts
     D:2: 1214 daAuts
     D:6: 1169 daAuts
  Lair:1: 1140 daAuts
     D:3: 1081 daAuts
  Lair:5: 1039 daAuts
     D:7: 1036 daAuts
    D:10: 1017 daAuts
